[Event "Titled Tuesday Blitz November 07 Late 2023"]
[White "Kovacsy, Barnabas"]
[Black "Skvortsov, Andrei"]
[WhiteFideId "769290"]
[BlackFideId "24108600"]
[WhiteElo "2509"]
[BlackElo "2684"]
[Result "1/2-1/2"]
[Round "9"]
[TimeControl "180+1"]
[Date "2023.11.07"]
[WhiteClock "0:00:25"]
[BlackClock "0:01:23"]
[Board "23"]

1. e4 d5 2. exd5 Qxd5 3. Nc3 Qe5+ 4. Be2 Bg4 5. d4 Bxe2 6. Ngxe2 Qa5 7. Bd2 Nc6 8. O-O O-O-O 9. a4 Nxd4 10. Nxd4 Rxd4 11. Qe2 Nf6 12. Rfd1 Qh5 13. Qxh5 Nxh5 14. Nb5 Rd7 15. Nxa7+ Kb8 16. Nb5 c6 17. Ba5 Rxd1+ 18. Rxd1 b6 19. Rd8+ Kb7 20. Rd7+ Kc8 21. Rc7+ Kb8 22. Bxb6 cxb5 23. a5 g6 24. a6 Bg7 25. Rb7+ Ka8 26. Ra7+ Kb8 27. Rb7+ Ka8 28. Ra7+ Kb8 29. Rb7+ 1/2-1/2


[Site "https://www.chess.com"]

[Event "Titled Tuesday Blitz November 07 Late 2023"]
[White "Awoki, Daniel Teidi"]
[Black "Mladenovic, Stefan"]
[WhiteFideId "2100827"]
[BlackFideId "942227"]
[WhiteElo "2347"]
[BlackElo "2677"]
[Result "0-1"]
[Round "9"]
[TimeControl "180+1"]
[Date "2023.11.07"]
[WhiteClock "0:00:11"]
[BlackClock "0:01:39"]
[Board "24"]

1. e4 c5 2. Nf3 d6 3. d4 cxd4 4. Nxd4 Nf6 5. Nc3 g6 6. Be3 Bg7 7. f3 O-O 8. Qd2 Nc6 9. Bc4 Bd7 10. O-O-O Rb8 11. Bb3 Na5 12. h4 b5 13. g4 Nc4 14. Qd3 Nxe3 15. Qxe3 a5 16. a3 b4 17. axb4 axb4 18. Nd5 Nxd5 19. exd5 Qa5 20. Kd2 Qc5 21. Ke1 Bb5 22. Kf2 Bc4 23. Nc6 Qxe3+ 24. Kxe3 Bxb3 25. cxb3 Rb7 26. Ra1 Bxb2 27. Ra4 Bc3 28. Kd3 e6 29. Rh2 exd5 30. Re2 Kg7 31. Ra5 Rc8 32. Ne7 Rc5 33. Ra8 Be5 34. f4 Rxe7 35. fxe5 dxe5 36. Rc8 0-1


[Site "https://www.chess.com"]

[Event "Titled Tuesday Blitz November 07 Late 2023"]
[White "Harish, Neeraj"]
[Black "Golubev, Mikhail"]
[WhiteFideId "30958130"]
[BlackFideId "14100983"]
[WhiteElo "2332"]
[BlackElo "2656"]
[Result "0-1"]
[Round "9"]
[TimeControl "180+1"]
[Date "2023.11.07"]
[WhiteClock "0:00:12"]
[BlackClock "0:00:16"]
[Board "25"]

1. e4 c5 2. Nf3 d6 3. d4 Nf6 4. Nc3 cxd4 5. Nxd4 g6 6. Be3 Bg7 7. f3 Nc6 8. Qd2 O-O 9. Bc4 Bd7 10. O-O-O Qa5 11. Kb1 Rfc8 12. Bb3 Ne5 13. h4 b5 14. h5 Nc4 15. Bxc4 bxc4 16. h6 Bh8 17. Nd5 Qxd2 18. Rxd2 Nxd5 19. exd5 c3 20. Rd3 cxb2 21. Bg5 Bxd4 22. Rxd4 Bf5 23. Rd2 f6 24. Be3 Rxc2 25. Rxc2 Rc8 26. Kxb2 Rxc2+ 27. Kb3 Rxg2 28. Bxa7 Rg3 29. a4 Rxf3+ 30. Kb4 Rf4+ 31. Ka5 Bc2 32. Ra1 Rf5 33. Kb6 Rxd5 34. a5 Bd3 35. Kc6 Rh5 36. a6 Kf7 37. Be3 Bb5+ 38. Kb6 Bxa6 39. Rxa6 Re5 40. Bd2 g5 41. Kc6 Kg6 42. Kd7 Kxh6 43. Ra8 Kg6 44. Rg8+ Kf5 45. Rh8 g4 46. Rxh7 g3 47. Rxe7 Rxe7+ 48. Kxe7 g2 49. Be3 Ke4 50. Bb6 d5 51. Bg1 d4 52. Kxf6 d3 0-1


[Site "https://www.chess.com"]

[Event "Titled Tuesday Blitz November 07 Late 2023"]
[White "mind1mover"]
[Black "Seemann, Jakub"]
[BlackFideId "21874697"]
[WhiteElo "2826"]
[BlackElo "2642"]
[Result "1-0"]
[Round "9"]
[TimeControl "180+1"]
[Date "2023.11.07"]
[WhiteClock "0:00:02"]
[BlackClock "0:00:00"]
[Board "26"]

1. Nf3 d5 2. b3 Nf6 3. Bb2 Bf5 4. g3 e6 5. c4 c6 6. Bg2 h6 7. O-O Nbd7 8. d3 Be7 9. Nbd2 O-O 10. a3 a5 11. Ra2 Bh7 12. Qa1 Rc8 13. Rc1 Re8 14. h3 Bf8 15. Ne5 Nxe5 16. Bxe5 Nd7 17. Bc3 b6 18. b4 a4 19. Rac2 Nf6 20. Bxf6 gxf6 21. cxd5 exd5 22. Nf3 c5 23. Nh4 Qd6 24. Qa2 Red8 25. Bf3 Qe5 26. Ng2 Rc7 27. Ne3 Rcd7 28. bxc5 bxc5 29. Rxc5 Bxc5 30. Rxc5 Bg6 31. Kg2 Rc7 32. Ra5 Rb8 33. Nxd5 Rb2 34. Qa1 Rcb7 35. Rxa4 Bxd3 36. Nf4 Bf5 37. Bxb7 Qb5 38. Ra8+ Kg7 39. Bf3 Bc2 40. Nh5+ Kg6 41. Qc1 Rb1 42. Qf4 1-0


[Site "https://www.chess.com"]

[Event "Titled Tuesday Blitz November 07 Late 2023"]
[White "Sokolovsky, Yahli"]
[Black "Sargsyan, Anna M."]
[WhiteFideId "2820242"]
[BlackFideId "13308130"]
[WhiteElo "2773"]
[BlackElo "2610"]
[Result "1-0"]
[Round "9"]
[TimeControl "180+1"]
[Date "2023.11.07"]
[WhiteClock "0:01:58"]
[BlackClock "0:00:41"]
[Board "27"]

1. b3 e5 2. Bb2 Nc6 3. e3 Nf6 4. Nf3 Bd6 5. d4 exd4 6. exd4 O-O 7. Be2 Re8 8. O-O Bf8 9. d5 Ne7 10. c4 Ng6 11. Nc3 d6 12. Bd3 Ng4 13. Bc2 N4e5 14. Nd4 Be7 15. f4 Ng4 16. Qd2 Bf6 17. Ne4 Bxd4+ 18. Qxd4 f6 19. Rae1 Nh6 20. Ng3 Bd7 21. Qd3 Rxe1 22. Rxe1 Qf8 23. h4 Re8 24. Bc3 Rxe1+ 25. Bxe1 Qe7 26. Bf2 Ng4 27. h5 Nxf4 28. Qxh7+ Kf8 29. Qh8+ Kf7 30. Bg6+ 1-0


[Site "https://www.chess.com"]

[Event "Titled Tuesday Blitz November 07 Late 2023"]
[White "ArtemDyachuk"]
[Black "Krzyzanowski, Marcin"]
[BlackFideId "1132199"]
[WhiteElo "2629"]
[BlackElo "2759"]
[Result "0-1"]
[Round "9"]
[TimeControl "180+1"]
[Date "2023.11.07"]
[WhiteClock "0:00:07"]
[BlackClock "0:00:10"]
[Board "28"]

1. e4 e5 2. Nf3 Nc6 3. Bc4 Nf6 4. d3 h6 5. O-O d6 6. c3 g6 7. Nbd2 Bg7 8. Re1 O-O 9. Nf1 Na5 10. Bb5 a6 11. Ba4 b5 12. Bc2 c5 13. Ng3 Re8 14. h3 Nc6 15. Be3 Bb7 16. Qd2 Kh7 17. Rad1 Rc8 18. d4 cxd4 19. cxd4 exd4 20. Nxd4 Ne5 21. b3 Nc6 22. Bb1 Nxd4 23. Bxd4 Qc7 24. Qb2 Re6 25. f4 Rce8 26. Kh2 h5 27. e5 dxe5 28. Bxe5 Qc6 29. Rc1 Qb6 30. Nf5 gxf5 31. Bxf5+ Kg8 32. Bxe6 Rxe6 33. Qd2 Ne4 34. Qe3 Qxe3 35. Rxe3 Rxe5 36. fxe5 Bxe5+ 37. Kh1 Ng3+ 38. Kg1 Bd4 39. Kf2 Nf5 40. Rc7 Bxe3+ 41. Ke2 Bxg2 42. Rc5 Bxc5 43. b4 Bxb4 44. a4 bxa4 45. h4 a3 46. Kd3 a2 47. Kc4 Be7 48. Kb3 a1=Q 49. Kc4 Qd4+ 50. Kb3 Bd5+ 51. Kc2 Ne3+ 52. Kc1 Qc3+ 53. Kb1 Qc2+ 54. Ka1 Bf6# 0-1


[Site "https://www.chess.com"]

[Event "Titled Tuesday Blitz November 07 Late 2023"]
[White "Goltsev, Dmitry"]
[Black "Sturt, Raven"]
[WhiteFideId "24176710"]
[BlackFideId "2007304"]
[WhiteElo "2741"]
[BlackElo "2610"]
[Result "0-1"]
[Round "9"]
[TimeControl "180+1"]
[Date "2023.11.07"]
[WhiteClock "0:00:00"]
[BlackClock "0:01:02"]
[Board "29"]

1. e4 e5 2. Nf3 Nc6 3. Bb5 f5 4. d4 fxe4 5. Bxc6 dxc6 6. Nxe5 Nf6 7. O-O Bd6 8. Nc3 O-O 9. Qe2 c5 10. Be3 cxd4 11. Bxd4 c5 12. Qc4+ Kh8 13. Bxc5 Bxe5 14. Rad1 Qc7 15. Nb5 Qc6 16. b3 Be6 17. Qb4 a5 18. Qa3 Rfc8 19. Nd4 Qxc5 20. Qxc5 Rxc5 21. Nxe6 Rxc2 22. a4 h6 23. h3 Rb2 24. Nd8 Kh7 25. Nxb7 Rxb3 26. Nc5 Rb4 27. Rfe1 Rc8 28. Ne6 Rxa4 29. f4 Bc3 30. Re3 Rac4 31. f5 a4 32. g4 a3 33. g5 hxg5 34. Nxg5+ Kg8 35. Re2 Bd4+ 36. Kg2 Bb2 37. Red2 Re8 38. Ne6 e3 39. Re2 Rc1 40. Rd3 a2 41. Rdxe3 a1=Q 42. Rg3 Rg1+ 43. Kf2 Bd4+ 44. Kf3 Qf1+ 0-1


[Site "https://www.chess.com"]

[Event "Titled Tuesday Blitz November 07 Late 2023"]
[White "Flameboard08"]
[Black "GaiozNigalidze"]
[WhiteElo "2608"]
[BlackElo "2739"]
[Result "1-0"]
[Round "9"]
[TimeControl "180+1"]
[Date "2023.11.07"]
[WhiteClock "0:00:05"]
[BlackClock "0:00:52"]
[Board "30"]

1. f4 c5 2. Nf3 Nc6 3. g3 g6 4. d3 Bg7 5. Bg2 d5 6. O-O Nf6 7. c3 O-O 8. Re1 Bg4 9. Nbd2 Re8 10. e4 dxe4 11. dxe4 e5 12. h3 Bxf3 13. Qxf3 b5 14. a4 a6 15. Bf1 c4 16. b3 cxb3 17. Nxb3 bxa4 18. Nc5 a5 19. Nxa4 Rb8 20. Ba3 Qc7 21. Nc5 Rbd8 22. Rab1 exf4 23. gxf4 Nh5 24. e5 Nxe5 25. fxe5 Rxe5 26. Rxe5 Qxe5 27. Bc4 Qg5+ 28. Qg2 Qe3+ 29. Qf2 Qxc3 30. Bxf7+ Kh8 31. Ne6 Qd3 32. Rf1 Be5 33. Bb2 Rd5 34. Be8 Qf5 35. Qxf5 gxf5 36. Rxf5 Bxb2 37. Rxd5 Nf6 38. Rd8 h5 39. Bg6+ Ng8 40. Bf7 Kh7 41. Rxg8 h4 42. Ng5+ Kh6 43. Be6 Bd4+ 44. Kg2 Bf6 45. Nf7+ Kh7 46. Rg4 Bg5 47. Rxg5 a4 48. Bf5# 1-0


[Site "https://www.chess.com"]

[Event "Titled Tuesday Blitz November 07 Late 2023"]
[White "Shapiro, Viktor"]
[Black "Hambleton, Aman"]
[WhiteFideId "4175700"]
[BlackFideId "2606577"]
[WhiteElo "2595"]
[BlackElo "2738"]
[Result "0-1"]
[Round "9"]
[TimeControl "180+1"]
[Date "2023.11.07"]
[WhiteClock "0:00:00"]
[BlackClock "0:00:02"]
[Board "31"]

1. c4 c5 2. Nc3 b6 3. g3 Bb7 4. Nf3 Bxf3 5. exf3 Nc6 6. Bg2 g6 7. O-O Bg7 8. f4 Nh6 9. d3 Nf5 10. Bd2 h5 11. a3 Rc8 12. Rb1 d6 13. b4 Qd7 14. Ne4 O-O 15. b5 Ncd4 16. a4 e6 17. a5 d5 18. Ng5 Rfd8 19. axb6 axb6 20. Be3 Nxe3 21. fxe3 Nf5 22. cxd5 exd5 23. Re1 Nxe3 24. Rxe3 Bd4 25. Qe2 Re8 26. Ne4 dxe4 27. dxe4 Bxe3+ 28. Qxe3 Qd4 29. Qxd4 cxd4 30. Rd1 Red8 31. e5 Rc5 32. Bf1 Rc3 33. Bd3 Kg7 34. Kf2 f6 35. exf6+ Kxf6 36. Kf3 Rd6 37. Ke4 Rb3 38. h3 Rb2 39. g4 Rb3 40. g5+ Ke7 41. f5 gxf5+ 42. Kxf5 Rd5+ 43. Kf4 Rb4 44. h4 Rd6 45. Re1+ Re6 46. Rxe6+ Kxe6 47. Ke4 Rb2 48. Kxd4 Rh2 49. Bc4+ Kf5 0-1


[Site "https://www.chess.com"]

[Event "Titled Tuesday Blitz November 07 Late 2023"]
[White "Gontcharov, Vladislav"]
[Black "MKlose11"]
[WhiteFideId "4123492"]
[WhiteElo "2594"]
[BlackElo "2714"]
[Result "1-0"]
[Round "9"]
[TimeControl "180+1"]
[Date "2023.11.07"]
[WhiteClock "0:01:33"]
[BlackClock "0:00:07"]
[Board "32"]

1. d4 Nf6 2. c4 c5 3. Nf3 cxd4 4. Nxd4 Nc6 5. Nc3 d6 6. e4 g6 7. Be3 Bg7 8. Be2 Ng4 9. Bxg4 Bxg4 10. Nxc6 Bxd1 11. Nxd8 Bg4 12. Nxb7 Rb8 13. Na5 Rxb2 14. Rc1 O-O 15. O-O Rc8 16. f3 Be6 17. Nd5 Kf8 18. Rf2 Rcb8 19. Nb3 a5 20. Rxb2 Bxb2 21. Rc2 Bg7 22. Nxa5 Rb1+ 23. Kf2 f5 24. Nc6 fxe4 25. fxe4 Kf7 26. Ncxe7 Be5 27. h3 h5 28. Nc6 Bh2 29. Nd4 Bd7 30. Nf3 1-0


[Site "https://www.chess.com"]

[Event "Titled Tuesday Blitz November 07 Late 2023"]
[White "Annaberdiyev, Meylis"]
[Black "Koziorowicz, Michal"]
[WhiteFideId "14000563"]
[BlackFideId "21809194"]
[WhiteElo "2692"]
[BlackElo "2591"]
[Result "0-1"]
[Round "9"]
[TimeControl "180+1"]
[Date "2023.11.07"]
[WhiteClock "0:00:00"]
[BlackClock "0:00:34"]
[Board "33"]

1. e4 c5 2. Nf3 d6 3. c3 Nf6 4. Be2 Bd7 5. d3 g6 6. O-O Bg7 7. Nbd2 O-O 8. d4 cxd4 9. cxd4 Nc6 10. d5 Ne5 11. Nxe5 dxe5 12. Nc4 Ne8 13. Bg5 h6 14. Be3 Nd6 15. Nxd6 exd6 16. Qd2 Kh7 17. Rac1 f5 18. exf5 Bxf5 19. Rc4 Qd7 20. Rfc1 Rfc8 21. Qc3 b6 22. Rc6 Qd8 23. Qb4 Bf8 24. Ba6 Rxc6 25. dxc6 Qc7 26. Qb3 Rd8 27. Qd5 Re8 28. Bc4 Be6 29. Qb5 Bf7 30. Bd5 Rc8 31. h3 Kg7 32. a4 h5 33. b4 Bxd5 34. Qxd5 Qf7 35. Qxf7+ Kxf7 36. b5 d5 37. f3 Ke6 38. Kf2 d4 39. Bd2 Bc5 40. Ke2 Kd5 41. Kd3 a6 42. Re1 axb5 43. axb5 Ra8 44. c7 Rc8 45. f4 Bd6 46. fxe5 Bxe5 47. g3 Bxg3 48. Re4 Be5 49. Re2 Rxc7 50. Rg2 Rg7 51. Rg5 Rf7 52. Ke2 Ke4 53. Rxg6 d3+ 54. Ke1 Rf3 55. Re6 Kd5 0-1


[Site "https://www.chess.com"]

[Event "Titled Tuesday Blitz November 07 Late 2023"]
[White "Zeltsan, Joseph"]
[Black "Jaskolka, Tomasz"]
[WhiteFideId "30932980"]
[BlackFideId "1170791"]
[WhiteElo "2691"]
[BlackElo "2584"]
[Result "1-0"]
[Round "9"]
[TimeControl "180+1"]
[Date "2023.11.07"]
[WhiteClock "0:00:35"]
[BlackClock "0:00:05"]
[Board "34"]

1. e4 d5 2. exd5 Nf6 3. Nf3 Bg4 4. Be2 Nxd5 5. d4 e6 6. O-O Nd7 7. c4 N5f6 8. Nc3 Be7 9. Re1 O-O 10. h3 Bh5 11. Bf4 c6 12. Qb3 Qb6 13. Qc2 Bg6 14. Bd3 Bxd3 15. Qxd3 Rad8 16. Qe2 Bb4 17. Bd2 Rfe8 18. a3 Bxc3 19. Bxc3 Qa6 20. a4 c5 21. dxc5 Nxc5 22. Bxf6 gxf6 23. b4 Nd3 24. b5 Qa5 25. Red1 Nc5 26. Rxd8 Rxd8 27. Qe3 Qc7 28. a5 b6 29. axb6 axb6 30. Nd4 Qd6 31. Nc6 Rc8 32. Ra7 Qd1+ 33. Kh2 Qd6+ 34. g3 Rc7 35. Ra8+ Kg7 36. Rd8 Rd7 37. Rb8 Qd2 38. Qf3 f5 39. Ne5 Rd4 40. Rxb6 Qe1 41. Qe3 Qxe3 42. fxe3 Re4 43. Rc6 Rxe5 44. b6 Na6 45. b7 Nb8 46. Rc8 Na6 47. c5 Rxe3 48. c6 Re2+ 49. Kg1 Rb2 50. Ra8 Rb6 51. Rxa6 Rxa6 52. c7 Ra1+ 53. Kf2 Ra2+ 54. Ke3 Ra3+ 55. Kd4 Ra4+ 56. Kc5 Ra3 57. c8=Q Rxg3 58. b8=Q Rxh3 59. Qh8+ Kh6 60. Qbf8+ Kg5 61. Qfg7+ Kf4 62. Qd4+ Kg5 63. Qhf6+ Kh5 64. Qxf7+ Kg5 65. Qfg7+ Kh5 66. Qd1+ Kh4 67. Qe1+ Kh5 68. Qd2 f4 69. Qe2+ f3 70. Qee5+ Kh4 71. Qeg5# 1-0


[Site "https://www.chess.com"]

[Event "Titled Tuesday Blitz November 07 Late 2023"]
[White "Giroyan, Gary"]
[Black "Lymar, Vladislav"]
[WhiteFideId "680281"]
[BlackFideId "14162180"]
[WhiteElo "2688"]
[BlackElo "2558"]
[Result "0-1"]
[Round "9"]
[TimeControl "180+1"]
[Date "2023.11.07"]
[WhiteClock "0:00:03"]
[BlackClock "0:00:03"]
[Board "35"]

1. d4 d6 2. Nf3 Nf6 3. c4 Nbd7 4. g3 e5 5. Bg2 Be7 6. O-O O-O 7. Nc3 c6 8. e3 Qc7 9. a4 a5 10. b3 Re8 11. Ba3 Nb8 12. Rc1 Na6 13. Qc2 Bg4 14. h3 Bxf3 15. Bxf3 exd4 16. exd4 d5 17. Bxe7 Qxe7 18. Qd2 Nb4 19. Rfe1 Qd7 20. Kg2 h6 21. g4 Rad8 22. c5 Nh7 23. Ne2 Re7 24. Ng3 Rde8 25. Nf5 Rxe1 26. Rxe1 Rxe1 27. Qxe1 g6 28. Nd6 Ng5 29. Qe5 Ne6 30. h4 Nc2 31. h5 Ncxd4 32. Bd1 Qe7 33. Kg3 gxh5 34. Qxh5 Qf6 35. Nf5 Kh7 36. Ne3 Qg6 37. Qe5 Qg7 38. Qb8 Nxc5 39. Qd6 Ne4+ 0-1


[Site "https://www.chess.com"]

[Event "Titled Tuesday Blitz November 07 Late 2023"]
[White "Santos Flores, Alberto"]
[Black "Rozman, Levy"]
[WhiteFideId "3601234"]
[BlackFideId "2039877"]
[WhiteElo "2552"]
[BlackElo "2679"]
[Result "0-1"]
[Round "9"]
[TimeControl "180+1"]
[Date "2023.11.07"]
[WhiteClock "0:00:13"]
[BlackClock "0:00:05"]
[Board "36"]

1. e4 c6 2. c4 d5 3. exd5 cxd5 4. cxd5 Nf6 5. Qa4+ Nbd7 6. Bc4 g6 7. Nc3 Bg7 8. Nf3 O-O 9. d3 a6 10. Qa3 Nb6 11. Qb3 Nxc4 12. dxc4 b5 13. cxb5 axb5 14. O-O b4 15. Qxb4 Nxd5 16. Nxd5 Qxd5 17. Qxe7 Bg4 18. Nd2 Rfe8 19. Qb4 Be2 20. Re1 Reb8 21. Qe4 Qxe4 22. Nxe4 Bxb2 23. Bxb2 Rxb2 24. a4 Ra5 25. Reb1 Rxa4 26. Nc3 Rxa1 27. Rxa1 Bc4 28. Ne4 Kg7 29. Ng3 h5 30. h4 Bd5 31. Rd1 Be6 32. Ne4 Bf5 33. Ng5 Rb4 34. g3 Rb2 35. Re1 f6 36. Ne6+ Kh6 37. Nd4 Bd3 38. Re8 Bc4 39. Ne6 g5 40. hxg5+ fxg5 41. Nd4 Bd5 42. Re1 Rd2 43. Nf5+ Kg6 44. Ne3 Bf3 45. Ra1 h4 46. gxh4 gxh4 47. Ra6+ Kg5 48. Ra1 Rb2 49. Ra5+ Kf4 50. Ra4+ Kg5 51. Ra5+ Kg6 52. Ra1 h3 53. Nf1 Be4 54. Nh2 Bd3 55. Nf3 Be4 56. Nh2 Bd5 57. Rd1 Bb7 58. Re1 Kf5 59. Nf1 Kf4 60. Ng3 h2+ 61. Kxh2 Rxf2+ 62. Kh3 Bc8+ 63. Nf5 Bxf5+ 64. Kh4 Rh2# 0-1


[Site "https://www.chess.com"]

[Event "Titled Tuesday Blitz November 07 Late 2023"]
[White "Tikhonov, Viacheslav"]
[Black "Kavutskiy, Konstantin"]
[WhiteFideId "44196407"]
[BlackFideId "2026384"]
[WhiteElo "2551"]
[BlackElo "2677"]
[Result "1-0"]
[Round "9"]
[TimeControl "180+1"]
[Date "2023.11.07"]
[WhiteClock "0:00:30"]
[BlackClock "0:00:17"]
[Board "37"]

1. e4 c5 2. c3 Nf6 3. e5 Nd5 4. g3 d6 5. exd6 e6 6. Bg2 Bxd6 7. Ne2 O-O 8. O-O Nc6 9. Na3 b6 10. Nc4 Bc7 11. Ne3 Nxe3 12. dxe3 Bb7 13. c4 Qf6 14. a3 Rad8 15. Qc2 Bb8 16. Bd2 e5 17. Bc3 Qe7 18. Bd5 Rd7 19. Rad1 Rfd8 20. Be4 g6 21. Rxd7 Rxd7 22. Rd1 Nd8 23. Bxb7 Nxb7 24. Rxd7 Qxd7 25. Qe4 f6 26. Kg2 Nd6 27. Qd5+ Qf7 28. Qa8 Qc7 29. b3 Nb7 30. a4 Kf7 31. Be1 Qc6+ 32. Kg1 Qc8 33. Nc3 Ke6 34. Nd5 Nd8 35. a5 bxa5 36. Bxa5 Nc6 37. Bc7 Kd7 38. Bxb8 Qxb8 39. Nxf6+ Kc7 40. Nd5+ Kd6 41. Qxb8+ Nxb8 42. Nf6 Kc6 43. Kf1 h5 44. Ke2 Kb6 45. h4 Ka5 46. Kd3 Kb4 47. Kc2 Nc6 48. Nd5+ Ka3 49. Kc3 Na5 50. Nc7 Nxb3 51. Nb5+ Ka4 52. Nxa7 Nc1 53. Nc6 Ne2+ 54. Kd2 Ng1 55. Nxe5 Kb3 56. Kd3 Nh3 57. f4 Nf2+ 58. Ke2 Ng4 59. Nxg4 hxg4 60. Kd3 1-0


[Site "https://www.chess.com"]

[Event "Titled Tuesday Blitz November 07 Late 2023"]
[White "Gubajdullin, Alexei"]
[Black "Wartiovaara, Oliver"]
[WhiteFideId "4141202"]
[BlackFideId "513024"]
[WhiteElo "2659"]
[BlackElo "2544"]
[Result "1-0"]
[Round "9"]
[TimeControl "180+1"]
[Date "2023.11.07"]
[WhiteClock "0:00:14"]
[BlackClock "0:00:01"]
[Board "38"]

1. d4 e6 2. Nf3 c5 3. c3 d5 4. Bf4 Nc6 5. e3 Bd6 6. Bg3 Nf6 7. Nbd2 O-O 8. Bd3 b6 9. Ne5 Bb7 10. f4 Ne7 11. Qf3 Nf5 12. Bf2 Be7 13. Qh3 Nd6 14. g4 Nfe4 15. g5 Nf5 16. Rg1 f6 17. gxf6 Bxf6 18. Nxe4 dxe4 19. Bc4 Bd5 20. Be2 cxd4 21. exd4 Bxe5 22. fxe5 Rc8 23. Rc1 e3 24. Bxe3 Nxe3 25. Qxe3 Qh4+ 26. Kd2 Rf2 27. Rcf1 Rcf8 28. Rxf2 Rxf2 29. Qg3 Qxg3 30. hxg3 Bc4 31. Re1 Rg2 32. b3 Bxe2 33. Rxe2 Rxg3 34. c4 h5 35. d5 Kf7 36. d6 Ke8 37. b4 h4 38. c5 bxc5 39. bxc5 Rg4 40. Kc3 Ra4 41. c6 Ra6 42. c7 Rc6+ 43. Kb4 g5 44. Rf2 h3 45. Rf6 g4 46. Rxe6+ Kf7 47. Rh6 Kg7 48. Rh4 Kg6 49. Rxg4+ Kf5 1-0


[Site "https://www.chess.com"]

[Event "Titled Tuesday Blitz November 07 Late 2023"]
[White "Aarav Dengla"]
[Black "Kochiev, Ivan"]
[WhiteFideId "45059756"]
[BlackFideId "2917890"]
[WhiteElo "2655"]
[BlackElo "2532"]
[Result "1-0"]
[Round "9"]
[TimeControl "180+1"]
[Date "2023.11.07"]
[WhiteClock "0:00:46"]
[BlackClock "0:00:01"]
[Board "39"]

1. e4 c5 2. Nf3 d6 3. d4 cxd4 4. Nxd4 Nf6 5. Nc3 Nc6 6. Bg5 e6 7. Qd2 a6 8. O-O-O Bd7 9. Kb1 Be7 10. f3 h6 11. Be3 h5 12. h4 Rc8 13. Bg5 b5 14. Nxc6 Bxc6 15. Bd3 b4 16. Ne2 d5 17. e5 Nd7 18. f4 a5 19. Nd4 Qb6 20. Bxe7 Kxe7 21. Nxc6+ Rxc6 22. f5 Nxe5 23. Qg5+ Kf8 24. fxe6 Rxe6 25. Bf5 Rd6 26. Rhe1 f6 27. Qf4 Qd8 28. Bh3 Qe7 29. Re2 Kg8 30. Rde1 Kh7 31. Bf5+ g6 32. Bd3 Rf8 33. g4 hxg4 34. h5 Nxd3 35. Rxe7+ 1-0


[Site "https://www.chess.com"]

[Event "Titled Tuesday Blitz November 07 Late 2023"]
[White "TimGrutter03"]
[Black "reevecanada"]
[WhiteElo "2529"]
[BlackElo "2653"]
[Result "1-0"]
[Round "9"]
[TimeControl "180+1"]
[Date "2023.11.07"]
[WhiteClock "0:00:31"]
[BlackClock "0:00:15"]
[Board "40"]

1. e4 c5 2. Nf3 d6 3. g3 Nf6 4. Nc3 Nc6 5. d4 cxd4 6. Nxd4 g6 7. Bg2 Bg7 8. Nde2 O-O 9. O-O Nd7 10. Nd5 e6 11. Ndc3 Nc5 12. Nb5 Be5 13. f4 Qb6 14. fxe5 Nb3+ 15. Kh1 Nxa1 16. Bh6 Qxb5 17. Bxf8 Kxf8 18. Qxd6+ Kg7 19. Qc7 Nxe5 20. Rxa1 Ng4 21. Rf1 Qd7 22. Qc3+ Kg8 23. h3 Nh6 24. g4 f5 25. exf5 exf5 26. Qc4+ Qf7 27. Bd5 Bd7 28. Bxf7+ Nxf7 29. gxf5 gxf5 30. Rg1+ Kh8 31. Qxf7 1-0


[Site "https://www.chess.com"]

[Event "Titled Tuesday Blitz November 07 Late 2023"]
[White "Volkov, Maksim"]
[Black "Makaraci, Tunahan"]
[WhiteFideId "54123070"]
[BlackFideId "6356559"]
[WhiteElo "2645"]
[BlackElo "2455"]
[Result "1-0"]
[Round "9"]
[TimeControl "180+1"]
[Date "2023.11.07"]
[WhiteClock "0:00:02"]
[BlackClock "0:00:00"]
[Board "41"]

1. e4 c5 2. Nf3 Nc6 3. Bb5 d6 4. Bxc6+ bxc6 5. O-O e5 6. c3 f5 7. exf5 Be7 8. d4 e4 9. Nfd2 Nf6 10. f3 exf3 11. Qxf3 d5 12. Na3 O-O 13. Nc2 cxd4 14. Nxd4 Qb6 15. b4 a5 16. Nb3 axb4 17. cxb4 Ne4 18. Be3 Qb7 19. a3 Bd7 20. Kh1 Rf7 21. Na5 Qa6 22. Qd1 Raf8 23. Rc1 c5 24. Nf3 cxb4 25. Qxd5 Nc3 26. Qxd7 Qxa5 27. axb4 Bxb4 28. Qe6 Qxf5 29. Qc4 Ba5 30. Ng5 Qd5 31. Qxd5 Nxd5 32. Nxf7 Nxe3 33. Rf3 Ng4 34. h3 Nf6 35. Ne5 h6 36. Rc5 Bb6 37. Rc6 Bd4 38. Ng6 Re8 39. Kh2 Kh7 40. Nh4 Be5+ 41. g3 Ne4 42. Nf5 Rf8 43. Kg2 g6 44. Nh4 Rxf3 45. Nxf3 Bf6 46. Re6 1-0


[Site "https://www.chess.com"]

[Event "Titled Tuesday Blitz November 07 Late 2023"]
[White "Osmak, Yuliia"]
[Black "Brodsky, David"]
[WhiteFideId "14101602"]
[BlackFideId "2073250"]
[WhiteElo "2511"]
[BlackElo "2790"]
[Result "1-0"]
[Round "9"]
[TimeControl "180+1"]
[Date "2023.11.07"]
[WhiteClock "0:00:44"]
[BlackClock "0:00:09"]
[Board "42"]

1. e4 e5 2. Nf3 Nc6 3. Nc3 Nf6 4. Bb5 Bb4 5. O-O O-O 6. Bxc6 dxc6 7. d3 Qe7 8. Ne2 h6 9. Ng3 Rd8 10. Qe2 a5 11. Nh4 a4 12. Nhf5 Qf8 13. Qf3 Be7 14. a3 Kh7 15. Bd2 Ng8 16. Bc3 g6 17. Ne3 Bf6 18. Ng4 Bxg4 19. Qxg4 h5 20. Qh3 Qh6 21. Ne2 g5 22. Bxe5 g4 23. Qg3 Re8 24. Bxf6 Nxf6 25. Qxc7 Qg6 26. Qxb7 Rab8 27. Qxc6 Rxb2 28. Nf4 Qg7 29. Nxh5 Nxh5 30. Qxe8 Rxc2 31. Qxa4 Nf4 32. Qxc2 1-0


[Site "https://www.chess.com"]

[Event "Titled Tuesday Blitz November 07 Late 2023"]
[White "Reprintsev, Alexander"]
[Black "Troff, Kayden"]
[WhiteFideId "14100541"]
[BlackFideId "2047896"]
[WhiteElo "2505"]
[BlackElo "2783"]
[Result "0-1"]
[Round "9"]
[TimeControl "180+1"]
[Date "2023.11.07"]
[WhiteClock "0:01:06"]
[BlackClock "0:01:11"]
[Board "43"]

1. e4 c5 2. b3 a6 3. d4 cxd4 4. Qxd4 Nc6 5. Qd2 Nf6 6. Nc3 e6 7. Bb2 Bb4 8. f3 O-O 9. a3 Ba5 10. O-O-O b5 11. b4 Bb6 12. g4 a5 13. g5 Nh5 14. Bxb5 axb4 15. Bxc6 bxc3 16. Qxc3 Qxg5+ 17. Kb1 dxc6 18. Nh3 Qa5 19. Qxc6 Rb8 20. Ka2 Ba6 21. Bc3 Qb5 22. Qxb5 Bxb5 23. Bb4 Rfc8 24. c3 Be2 25. Rd7 Bxf3 26. Rf1 Bg2 27. Rfxf7 Bxh3 28. a4 e5 29. Rde7 Be6+ 30. Rxe6 Kxf7 31. Rxe5 Nf6 32. a5 Bd8 33. Kb3 Nd7 34. Rd5 Nc5+ 35. Ka3 Nxe4 36. Rd7+ Kg6 37. a6 Nxc3 38. a7 Nb5+ 0-1


[Site "https://www.chess.com"]

[Event "Titled Tuesday Blitz November 07 Late 2023"]
[White "Lamard, Guillaume"]
[Black "Ventura Bolet, Maxim"]
[WhiteFideId "600261"]
[BlackFideId "22238824"]
[WhiteElo "2636"]
[BlackElo "2501"]
[Result "1-0"]
[Round "9"]
[TimeControl "180+1"]
[Date "2023.11.07"]
[WhiteClock "0:00:05"]
[BlackClock "0:00:14"]
[Board "44"]

1. e4 Nf6 2. e5 Nd5 3. d4 d6 4. c4 Nb6 5. exd6 cxd6 6. Nc3 g6 7. Be3 Bg7 8. Rc1 O-O 9. Be2 Bf5 10. Nf3 Bg4 11. b3 d5 12. c5 Nc8 13. O-O Nc6 14. a3 e6 15. b4 N8e7 16. b5 Na5 17. Bg5 h6 18. Bh4 g5 19. Bg3 Bxf3 20. Bxf3 Nf5 21. Ne2 Qf6 22. Qa4 b6 23. Be5 Qg6 24. c6 g4 25. Nf4 Qg5 26. Be2 Nxd4 27. Bxg7 Nxe2+ 28. Nxe2 Kxg7 29. f4 Qf6 30. f5 Qg5 31. Rf4 h5 32. Rcf1 Nc4 33. Qd1 e5 34. f6+ Kh6 35. Rf5 Qe3+ 36. Kh1 Nd2 37. Ng3 Nxf1 38. Rxh5+ Kg6 39. Qxf1 Rh8 40. Qf5# 1-0


[Site "https://www.chess.com"]